 Dungeon Crawl Stone Soup version 0.28.0-53-g5a82cb258f (webtiles) character file.

Game seed: 15196010377111601785

8 Descartes the Magician (level 2, 0/15 HPs)
             Began as a Deep Elf Wanderer on May 26, 2022.
             Slain by a quokka (3 damage)
             ... on level 1 of the Dungeon.
             The game lasted 00:01:16 (285 turns).

Descartes the Magician (Deep Elf Wanderer)           Turns: 285, Time: 00:01:17

Health: 0/15       AC:  2    Str:  7    XL:     2   Next: 0%
Magic:  4/8        EV: 11    Int: 18    God:
Gold:   30         SH:  0    Dex: 14    Spells: 6/7 levels left

rFire   . . .      SeeInvis .   a - +0 dagger
rCold   . . .      Faith    .   (no shield)
rNeg    . . .      Spirit   .   b - +0 robe
rPois   .          Reflect  .   (no helmet)
rElec   .          Harm     .   (no cloak)
rCorr   .          Rampage  .   (no gloves)
Will    .....                   (no boots)
Stlth   +.........              (no amulet)
HPRegen 0.05/turn               (no ring)
MPRegen 0.11/turn               (no ring)

@: no status effects
A: no striking features
a: no special abilities


You were on level 1 of the Dungeon.
You visited 1 branch of the dungeon, and saw 1 of its levels.

You collected 30 gold pieces.

Inventory:

Hand Weapons
 a - a +0 dagger (weapon)
Armour
 b - a +0 robe (worn)
Scrolls
 d - a scroll of identify {unknown}
Miscellaneous
 c - a piece from Xom's chessboard (15/15) (quivered)


   Skills:
 - Level 1.0 Throwing
 - Level 1.0 Armour
 + Level 0.5 Dodging
 + Level 3.1 Spellcasting
 + Level 0.4 Conjurations
 - Level 2.6 Hexes
 + Level 0.4 Transmutations
 + Level 2.4 Fire Magic
 + Level 0.4 Poison Magic
 - Level 2.1 Evocations


You had 6 spell levels left.
You knew the following spells:

 Your Spells              Type           Power      Damage    Failure   Level
a - Foxfire               Conj/Fire      28%        2x1d5     9%          1

Your spell library contained the following spells:

 Spells                   Type           Power      Damage    Failure   Level
 Slow                     Hex            48%        N/A       5%          1
 Inner Flame              Hex/Fire       12%        N/A       17%         3
 Conjure Flame            Conj/Fire      7%         6-21      26%         3
 Ignite Poison            Fire/Tmut/Pois 6%         N/A       30%         3


Dungeon Overview and Level Annotations

Branches:
Dungeon (1/15)

Altars:


Message History

Unknown command.
The foxfire hits the ball python.
You kill the ball python!
You have reached level 2!
You see here a ball python corpse.
Found a stone staircase leading down.
There is a stone staircase leading down here.
Found a hunting sling.
A quokka comes into view.
Found a hand axe.
You see here a metallic blue potion.
Casting: Foxfire (safe; 9% risk of failure)
Confirm with . or Enter, or press ? or * to list all spells.
You conjure some foxfire!
The quokka bites you.
The foxfire hits the quokka but does no damage. x2
The quokka bites you. x2
Casting: Foxfire (safe; 9% risk of failure)
Confirm with . or Enter, or press ? or * to list all spells.
You conjure some foxfire!
The quokka bites you.
* * * LOW HITPOINT WARNING * * *
You barely miss the quokka.
The foxfire hits the quokka.
The quokka is moderately wounded.
The foxfire hits the quokka.
The quokka is heavily wounded.
The quokka bites you but does no damage.
Casting: Foxfire (safe; 9% risk of failure)
Confirm with . or Enter, or press ? or * to list all spells.
You conjure some foxfire!
The quokka bites you.
* * * LOW HITPOINT WARNING * * *
You hit the quokka but do no damage.
The quokka is heavily wounded.
The foxfire hits the quokka but does no damage.
The quokka is heavily wounded.
The foxfire hits the quokka.
The quokka is almost dead.
The quokka barely misses you.
Casting: Foxfire (safe; 9% risk of failure)
Confirm with . or Enter, or press ? or * to list all spells.
You conjure some foxfire!
The quokka bites you.
You die...

...........#####...#
#######.#...# #.#.#####
#.#.#.# #.......)
###†#...# #.#.#####
#.......####.#.#
#####.##.........# #
†.....##.........# ###
.###..##.....###!#...##
.###........## #@r..).#
.....##........v.v......
#########.######........
# .# #...#.... # .#
##....... # ....##. #
....##. # ....... .


You could see a quokka (ally target).

Vanquished Creatures
  A ball python (D:1)
  2 endoplasms (D:1)
  A hobgoblin (D:1)
  2 bats (D:1)
  A frilled lizard (D:1)
  A rat (D:1)
8 creatures vanquished.

Vanquished Creatures (others)
  27 foxfires (D:1)
27 creatures vanquished.

Grand Total: 35 creatures vanquished

Notes
Turn   | Place    | Note
-------+----------+-------------------------------------------
     0 | D:1      | Descartes the Deep Elf Wanderer began the quest for the
                  | Orb.
     0 | D:1      | Descartes set off with the following items: a +0 dagger, a
                  | +0 robe, a piece from Xom's chessboard (15/15); and the
                  | following spells available to memorise: Slow, Foxfire,
                  | Inner Flame, Conjure Flame, Ignite Poison
     0 | D:1      | Reached XP level 1. HP: 10/10 MP: 6/6
     2 | D:1      | Learned a level 1 spell: Foxfire
   235 | D:1      | Reached XP level 2. HP: 15/15 MP: 6/8
   285 | D:1      | Slain by a quokka

Illustrated notes

Levels and vault maps discovered:
D:1:      grunt_arrival_crossed_arrows, layout_loops_ring,
          hellmonk_ecumenical_altar_lost_god, chequers_serial_rivers_large_b,
          skrybe_limestone_x

Action                   || total
-------------------------++-------
Melee: Dagger            ||     2
 Cast: Foxfire           ||    16
Armor: Robe              ||     1
Dodge: Dodged            ||     1
